 Dungeon Crawl Stone Soup version 0.17-a0-1572-g7a1422d (webtiles) character file.

336 mrath the Skirmisher (level 6, -6/55 HPs)
             Began as a Hill Orc Fighter on July 25, 2015.
             Mangled by urechis's ghost (13 damage)
             ... on level 4 of the Dungeon.
             The game lasted 00:23:45 (3767 turns).

mrath the Skirmisher (Hill Orc Fighter)             Turns: 3767, Time: 00:23:45

Health: -6/55      AC:  8    Str: 23    XL:     6   Next: 54%
Magic:  6/6        EV:  8    Int:  8    God:
Gold:   136        SH: 11    Dex: 10    Spells: 0 memorised, 5 levels left

rFire  . . .     SeeInvis +     a - +0 war axe
rCold  . . .     Clarity  .     b - +0 scale mail
rNeg   . . .     SustAt   .     c - +1 shield
rPois  .         Gourm    .     (no helmet)
rElec  .         Spirit   .     (no cloak)
rCorr  .         Warding  .     (no gloves)
rMut   .         Stasis   .     t - +0 pair of boots
MR     .....                    (no amulet)
Stlth  ..........               w - +2 ring of strength
                                i - ring of see invisible

@: not resistant to hostile enchantments, extremely unstealthy
A: no striking features
a: no special abilities


You were on level 4 of the Dungeon.
You were not hungry.

You visited 1 branch of the dungeon, and saw 4 of its levels.

You collected 136 gold pieces.

Inventory:

Hand weapons
 a - a +0 war axe (weapon)
 h - a +2 dagger of venom
 l - a cursed -2 dagger
 u - a +1 whip of electrocution
 v - a +0 hunting sling
 y - a +0 flail
Missiles
 k - 106 stones
 o - 63 sling bullets
 z - 4 javelins (quivered)
Armour
 b - a +0 scale mail (worn)
 c - a +1 shield (worn)
 t - a +0 pair of boots (worn)
Jewellery
 i - a ring of see invisible (left hand)
 w - a +2 ring of strength (right hand)
Magical devices
 f - a wand of heal wounds (2)
Scrolls
 g - a scroll of enchant armour
 j - a scroll of identify
 n - 3 scrolls of fog
 p - a scroll of noise {unknown}
 q - a scroll of teleportation {unknown}
 r - a scroll of enchant weapon {unknown}
 s - a scroll of remove curse {unknown}
Potions
 d - a potion of might
 m - 2 potions of curing
 x - a potion of poison {unknown}
 A - a potion of haste {unknown}
Comestibles
 e - 2 bread rations
 B - 3 chunks of flesh


   Skills:
 + Level 4.8 Fighting
 + Level 4.7 Axes
 + Level 1.0 Slings
 + Level 0.4(0.8) Throwing
 + Level 4.4 Armour
 + Level 1.7 Dodging
 + Level 4.5 Shields


You had 5 spell levels left.
You didn't know any spells.

Dungeon Overview and Level Annotations

Branches:
Dungeon (4/15)
 Temple: D:4-7

Altars:

Annotations:
D:4 urechis's ghost, experienced HOFi


Message History

You barely miss urechis's ghost.
Urechis's ghost is moderately damaged.
The kobold throws a stone.
The stone barely misses you. Urechis's ghost hits you!
* * * LOW HITPOINT WARNING * * *
The kobold throws a stone.
The stone hits you but does no damage. Urechis's ghost hits you!
* * * LOW HITPOINT WARNING * * *
Evoke which item? (* to show all) (? for menu, Esc to quit)
Zapping:
f - a wand of heal wounds (will waste charges)
Press: ? - help, Shift-Dir - straight line, f - you, p - urechis's ghost You feel much better.
Evoking this partially-identified wand wasted a few charges.
Urechis's ghost whispers, "Trust me.
Just give in."
Urechis's ghost hits you!
* * * LOW HITPOINT WARNING * * *
You slash urechis's ghost!
Urechis's ghost is heavily damaged.
Urechis's ghost hits you!
You die...

.###.#### .# #.#
#.......... .# #.#
#.[........ .# #.#
#........#
.###.#######........#
......##...#...K....#
......##...#........##.#
......##................
......##........@...#
......##........W...#
......##........((.$#
.>.....)#....###..###
........#....# #..#
.#.##...#....###....
.#.................#.
.####...#....####.##
........#....#


You could see urechis's ghost and a kobold.

Vanquished Creatures
  An ogre (D:3)
  An iguana (D:4)
  10 gnolls
  4 adders
  2 oozes (D:1)
  7 worms
  2 giant geckos (D:1)
  An orc (D:3)
  A ball python (D:3)
  8 bats
  4 giant cockroaches
  13 goblins
  6 hobgoblins
  12 jackals
  3 kobolds
  3 giant newts (D:2)
  4 rats
82 creatures vanquished.

Notes
Turn   | Place    | Note
--------------------------------------------------------------
     0 | D:1      | mrath the Hill Orc Fighter began the quest for the Orb.
     0 | D:1      | Reached XP level 1. HP: 19/19 MP: 1/1
   205 | D:1      | Reached XP level 2. HP: 27/27 MP: 2/2
   313 | D:1      | Reached skill level 4 in Fighting
   336 | D:1      | Reached XP level 3. HP: 22/33 MP: 3/3
  1306 | D:2      | Reached XP level 4. HP: 38/41 MP: 4/4
  1495 | D:2      | Reached skill level 1 in Dodging
  1858 | D:2      | Reached XP level 5. HP: 10/47 MP: 5/5
  2415 | D:3      | Noticed an ogre
  2425 | D:3      | Killed an ogre
  2425 | D:3      | Reached skill level 1 in Slings
  2762 | D:3      | Reached XP level 6. HP: 42/53 MP: 6/6
  3751 | D:4      | Noticed urechis's ghost (experienced HOFi)
  3767 | D:4      | Mangled by urechis's ghost

Vault maps used:
D:1:      tarquinn_simple_flora_water_d
D:2:      hex_medium, minmay_quantized
D:4:      first_bread

Action                   |  1- 3 |  4- 6 || total
-------------------------+-------+-------++-------
Melee: War axe           |   145 |   199 ||   344
 Fire: Hunting sling     |       |    14 ||    14
Throw: Stone             |     1 |     9 ||    10
       Javelin           |       |     1 ||     1
Evoke: Wand              |       |     1 ||     1
  Use: Scroll            |       |     3 ||     3
  Eat: Chunk             |     2 |     3 ||     5
       Bread ration      |       |     1 ||     1
